 Dungeon Crawl Stone Soup version 0.24-a0-584-g9d6b971 (webtiles) character file.

Game seed: 9320737666150275486, levelgen mode: deterministic

47 Dorkslayer the Skirmisher (level 3, -1/26 HPs)
             Began as an Octopode Fighter on Aug 30, 2019.
             Slain by a goblin
             ... wielding a +0 club
             ... led by Robin
              (3 damage)
             ... on level 2 of the Dungeon.
             The game lasted 00:03:30 (805 turns).

Dorkslayer the Skirmisher (Octopode Fighter)         Turns: 805, Time: 00:03:31

Health: -1/26      AC:  1    Str: 21    XL:     3   Next: 70%
Magic:  4/4        EV:  9    Int: 10    God:
Gold:   44         SH: 14    Dex: 11    Spells: 4/4 levels left

rFire    . . .     SeeInvis .   a - +0 long sword
rCold    . . .     Gourm    .   f - +0 large shield
rNeg     . . .     Faith    .   (helmet restricted)
rPois    .         Spirit   .   (no amulet)
rElec    .         Reflect  .   (no ring)
rCorr    .         Harm     .   (no ring)
MR       .....                  (no ring)
Stlth    +++.......             (no ring)
HPRegen  0.08/turn              (no ring)
MPRegen  0.09/turn              (no ring)
                                (no ring)
                                (no ring)

@: mighty
A: almost no armour, stealthy swim, amphibious, 8 rings, constrict 8, camouflage
1, gelatinous body 1
a: no special abilities


You were on level 2 of the Dungeon.
You were not hungry.

You visited 1 branch of the dungeon, and saw 2 of its levels.

You collected 44 gold pieces.

Inventory:

Hand Weapons
 a - a +0 long sword (weapon)
Armour
 b - a +0 shield
 f - a +0 large shield (worn)
Scrolls
 e - a scroll of remove curse {unknown}
 g - a scroll of enchant armour {unknown}
 i - 2 scrolls of magic mapping {unknown}
 j - a scroll of immolation {unknown}
Potions
 k - a potion of cancellation {unknown}
Comestibles
 d - a ration
 h - 5 chunks of flesh


   Skills:
 + Level 3.2 Fighting
 + Level 2.4 Long Blades
 + Level 3.2 Dodging
 * Level 2.0 Stealth
 + Level 3.2 Shields
 * Level 1.1 Spellcasting


You had 4 spell levels left.
You didn't know any spells.
Your spell library was empty.

Dungeon Overview and Level Annotations

Branches:
Dungeon (2/15)

Altars:

Annotations:
D:2 Robin


Innate Abilities, Weirdness & Mutations

You cannot wear most types of armour.
You are very stealthy in the water. (Stealth+)
You are amphibious.
You can wear up to eight rings at the same time.
You can use your tentacles to constrict eight enemies at once.
Your skin changes colour to match your surroundings (Stealth+).
Your rubbery body absorbs attacks. (AC +1, EV +1)


Message History

The ooze is severely wounded.
You block the ooze's attack. The goblin closely misses you.
You block the goblin's attack.
Robin roars a battlecry!
The goblins go into a battle-frenzy!
The goblin completely misses you.
Some of the chunks of flesh in your inventory have rotted away.
You slash the goblin!
You kill the goblin!
You block the ooze's attack. The goblin hits you.
You block the goblin's attack.
The hobgoblin hits you but does no damage.
Robin throws the goblin at you! The ooze hits you.
* * * LOW HITPOINT WARNING * * *
You slash the ooze!
You kill the ooze!
You block the goblin's attack. x2; The goblin hits you.
* * * LOW HITPOINT WARNING * * *
You block the goblin's attack. The goblin hits you with a +0 club.
You die...

. # #.##.
#....#### ####
#.....##...##
#..(gg).....##
##...g@g......#
.....g.gg......#
#.....gg.......#
#.#.#.#.......##
#....$..##...##
#.#.#.#.# ####
.........
..#.#.#..
.......


You could see Robin, 2 hobgoblins and 6 goblins.

Vanquished Creatures
  An ooze (D:2)
  3 dart slugs (D:1)
  A leopard gecko (D:1)
  A ball python (D:1)
  8 goblins
  4 hobgoblins (D:1)
  3 jackals (D:1)
  4 kobolds (D:1)
  3 bats (D:1)
  3 frilled lizards (D:1)
  A rat (D:1)
32 creatures vanquished.

Notes
Turn   | Place    | Note
-------+----------+-------------------------------------------
     0 | D:1      | Dorkslayer the Octopode Fighter began the quest for the
                  | Orb.
     0 | D:1      | Reached XP level 1. HP: 16/16 MP: 1/1
   186 | D:1      | Reached XP level 2. HP: 21/21 MP: 2/2
   357 | D:1      | Reached skill level 1 in Stealth
   595 | D:1      | Reached XP level 3. HP: 21/26 MP: 2/4
   797 | D:2      | Noticed Robin
   800 | D:2      | Reached skill level 1 in Spellcasting
   805 | D:2      | Slain by a goblin

Levels and vault maps discovered:
D:1:      eino_arrival_water_star, layout_basic, chequers_serial_rivers_large_a
D:2:      layout_rooms, grunt_temple_overflow_gold_and_silver,
          old_standard_altar, serial_glass, glass_columns_a, glass_columns_a,
          glass_columns_b, glass_columns_a, glass_columns_a, glass_columns_b,
          first_ration, uniq_robin

Skill      XL: |  1  2  3 |
---------------+----------+-----
Stealth        | 1 2 |  2.0
Spellcasting   | 1 |  1.1
Fighting       | |  3.2
Long Blades    | |  2.4
Dodging        | |  3.2
Shields        | |  3.2

Action                   || total
-------------------------++-------
Melee: Long sword        ||    40
       Constrict         ||    12
       Tentacles         ||     9
  Use: Potion            ||     1
 Stab: Sleeping          ||     6
Armor: Skin              ||     2
Dodge: Dodged            ||    12
Block: Large shield      ||    34
       Rpst.: Long sword ||     4

Table legend:
 A = Non-vault XP
 B = Vault XP
 C = Vault XP percentage of total XP
 D = Non-vault monster count
 E = Vault monster count
 F = Vault count percentage of total count
                 A         B        C        D         E       F
            +---------+---------+-------+---------+---------+-------
      Total |      59 |       9 |  13.2 |      27 |       5 |  15.6
            +---------+---------+-------+---------+---------+-------
        D:1 |      52 |       0 |   0.0 |      26 |       0 |   0.0
        D:2 |       7 |       9 |  56.2 |       1 |       5 |  83.3
            +---------+---------+-------+---------+---------+-------
